 Dungeon Crawl Stone Soup version 0.18-a0-900-gbbf5c82 (webtiles) character file.

234 vatarom the Shield-Bearer (level 6, -2/47 HPs)
             Began as a Formicid Fighter on Dec 24, 2015.
             Slain by vatarom's ghost (11 damage)
             ... on level 3 of the Dungeon.
             The game lasted 00:04:42 (1616 turns).

vatarom the Shield-Bearer (Formicid Fighter)        Turns: 1616, Time: 00:04:43

Health: -2/47      AC:  6    Str: 22    XL:     6   Next: 26%
Magic:  6/6        EV:  8    Int:  8    God:
Gold:   124        SH: 10    Dex: 10    Spells: 0 memorised, 5 levels left

rFire  . . .     SeeInvis +     a - +0 war axe
rCold  . . .     Gourm    .     b - +0 scale mail
rNeg   . . .     Faith    .     c - +0 shield
rPois  .         Spirit   .     (helmet unavailable)
rElec  .         Dismiss  .     (no cloak)
rCorr  .         Reflect  .     (no gloves)
SustAt +         Harm     .     (no boots)
MR     .....                    (no amulet)
Stlth  ..........               l - ring of sustain attributes
                                (no ring)

@: not resistant to hostile enchantments, extremely unstealthy
A: permanent stasis, dig shafts and tunnels, four strong arms, antennae 3
a: Dig, Shaft Self


You were on level 3 of the Dungeon.
You were not hungry.

You visited 1 branch of the dungeon, and saw 3 of its levels.

You collected 124 gold pieces.

Inventory:

Hand Weapons
 a - a +0 war axe (weapon)
Armour
 b - a +0 scale mail (worn)
 c - a +0 shield (worn)
 k - a +0 plate armour
Jewellery
 l - a ring of sustain attributes (right hand)
Scrolls
 e - 2 scrolls of remove curse
 h - 3 scrolls of identify
Potions
 i - 2 potions of curing
Comestibles
 f - a bread ration
 g - 2 fruits


   Skills:
 - Level 3.2 Fighting
 * Level 5.0 Axes
 - Level 3.2 Armour
 + Level 5.4 Shields


You had 5 spell levels left.
You didn't know any spells.

Dungeon Overview and Level Annotations

Branches:
Dungeon (3/15)

Altars:

Annotations:
D:3 vatarom's ghost, novice FoFi


Innate Abilities, Weirdness & Mutations

You are under a permanent stasis effect.
You can dig through walls and to a lower floor.
Your four strong arms can wield two-handed weapons with a shield.
You have a pair of large antennae on your head (SInv).


Message History

You slash vatarom's ghost!
Vatarom's ghost is lightly damaged.
You block vatarom's ghost's attack.
You hit vatarom's ghost but do no damage.
Vatarom's ghost is lightly damaged.
Vatarom's ghost hits you!
You barely miss vatarom's ghost.
Vatarom's ghost is lightly damaged.
Vatarom's ghost hits you! Vatarom's ghost barely misses you.
You are too injured to fight recklessly!
You are too injured to fight recklessly!
You hit vatarom's ghost but do no damage.
Vatarom's ghost is lightly damaged.
You block vatarom's ghost's attack.
You hit vatarom's ghost.
Vatarom's ghost is lightly damaged.
Vatarom's ghost hits you!
* * * LOW HITPOINT WARNING * * *
Vatarom's ghost hits you!
You die...

.....#
#....#....##.##.#
.....#
#....#.>..#.....#
.(...#
#....#.#..#..####
.....#
#....#.####..#######
.....# #.#
#......... .....#
#.# #.########
###### #.# #.#....#
#W####.#.##.#
#.@.......#.#
######.#..#.#
#.####.# #......#
########


You could see vatarom's ghost.

Vanquished Creatures
  Sigmund (D:2)
  2 adders (D:2)
  2 oozes (D:1)
  4 worms (D:2)
  A giant gecko (D:1)
  A ball python (D:2)
  3 giant cockroaches
  7 goblins
  7 hobgoblins
  2 kobolds (D:1)
  A quokka (D:3)
  4 giant newts (D:1)
  5 rats
40 creatures vanquished.

Notes
Turn   | Place    | Note
--------------------------------------------------------------
     0 | D:1      | vatarom the Formicid Fighter began the quest for the Orb.
     0 | D:1      | Reached XP level 1. HP: 18/18 MP: 1/1
   107 | D:1      | Reached XP level 2. HP: 24/24 MP: 2/2
   170 | D:1      | Reached skill level 4 in Shields
   205 | D:1      | Reached XP level 3. HP: 25/29 MP: 3/3
  1112 | D:2      | Noticed Sigmund
  1117 | D:2      | Reached XP level 4. HP: 30/35 MP: 4/4
  1132 | D:2      | Killed Sigmund
  1132 | D:2      | Reached skill level 5 in Shields
  1132 | D:2      | Reached XP level 5. HP: 12/41 MP: 5/5
  1132 | D:2      | Reached XP level 6. HP: 13/47 MP: 6/6
  1438 | D:2      | Reached skill level 5 in Axes
  1604 | D:3      | Noticed vatarom's ghost (novice FoFi)
  1616 | D:3      | Slain by vatarom's ghost

Vault maps used:
D:1:      dpeg_chamrin_arrival_tetris
D:2:      uniq_sigmund
D:3:      kiku_gazebo_pond_becter

Action                   |  1- 3 |  4- 6 || total
-------------------------+-------+-------++-------
Melee: War axe           |    61 |    40 ||   101
 Abil: Dig               |     1 |       ||     1
  Use: Scroll            |     4 |     1 ||     5
       Potion            |     3 |     5 ||     8
  Eat: Bread ration      |     1 |       ||     1
